 Dungeon Crawl Stone Soup version bcrawl-1.21 (webtiles) character file.

Game seed: 9492443273986217507

2908 Freyura the Chopper (level 9, -21/70 HPs)
             Began as a Demonspawn Chaos Knight on Feb 12, 2020.
             Was a Plaything of Xom.
             Blown up by an orb spider (49 damage)
             ... with an orb of destruction
             ... on level 6 of the Dungeon.
             The game lasted 00:22:03 (6790 turns).

Freyura the Chopper (Demonspawn Chaos Knight)       Turns: 6790, Time: 00:22:04

Health: -21/70     AC: 10    Str: 13    XL:     9   Next: 49%
Magic:  9/9        EV: 23    Int: 14    God:    Xom [..*...]
Gold:   258        SH:  5    Dex: 18    Spells: 8/8 levels left

rFire    . . .     SeeInvis .   a - +2 hand axe (chaos)
rCold    . . .     Gourm    .   q - +0 buckler
rNeg     . . .     Faith    .   b - +2 leather armour
rPois    .         Spirit   .   (helmet restricted)
rElec    .         Reflect  .   p - +0 cloak
rCorr    .         Harm     .   (no gloves)
MR       .....                  C - +2 pair of boots {Fly}
Stlth    +.........             (no amulet)
HPRegen  0.21/turn              s - +5 ring of evasion
MPRegen  0.11/turn              F - +3 ring of dexterity

@: cleaving, flying
A: horns 1, repulsion field 2, powered by pain 1
a: Renounce Religion, Stop Flying


You were on level 6 of the Dungeon.
You worshipped Xom.
You were a toy of Xom.
You were very hungry.

You visited 1 branch of the dungeon, and saw 6 of its levels.

You collected 430 gold pieces.
You spent 172 gold pieces at shops.

Inventory:

Hand Weapons
 a - a +2 hand axe of chaos (weapon)
 D - the cursed +0 long sword of the Postmodern Lies {vamp, rPois rF+ Dex+2}
   (You took it off an orc wizard on level 6 of the Dungeon)

   It inflicts no extra harm, but heals its wielder when it wounds a living foe.
   It affects your dexterity (+2).
   It protects you from fire.
   It protects you from poison.
   It has a curse placed upon it.
 H - a +1 short sword of chaos
Armour
 b - a +2 leather armour (worn)
 p - a +0 cloak (worn)
 q - a +0 buckler (worn)
 r - a +0 large shield
 C - a +2 pair of boots of flying (worn)
Jewellery
 s - a +5 ring of evasion (left hand)
 x - an uncursed ring of protection from magic
 E - an uncursed ring of see invisible
 F - a +3 ring of dexterity (right hand)
Scrolls
 c - 5 scrolls of remove curse
 f - a scroll of identify
 j - a scroll of fear
 l - 3 scrolls of teleportation
 o - 3 scrolls of fog
 y - a scroll of magic mapping
 G - a scroll of summoning {unknown}
Potions
 d - 3 potions of mutation
 g - a potion of cancellation {unknown}
 h - 3 potions of agility
 i - 2 potions of magic
 k - 3 potions of invisibility
 m - a potion of heal wounds
 n - a potion of berserk rage {unknown}
 t - 2 potions of brilliance {unknown}
 u - a potion of ambrosia {unknown}
 v - 3 potions of haste {unknown}
 w - a potion of flight {unknown}
 z - a potion of degeneration {unknown}
 A - 2 potions of curing {unknown}
 B - a potion of might
Comestibles
 e - 13 rations {!d}


   Skills:
 + Level 6.3 Fighting
 * Level 7.7 Axes
 + Level 5.2 Armour
 + Level 5.0 Dodging
 + Level 4.0 Shields


You had 8 spell levels left.
You didn't know any spells.
Your spell library was empty.

Dungeon Overview and Level Annotations

Branches:
Dungeon (6/12)             Temple (0/1) D:6

Altars:
Cheibriados
Dithmenos
Lugonu
Uskayaw
Vehumet
Xom

Shops:
D:5 ?(([!

Annotations:
D:4 exclusion: statue


Innate Abilities, Weirdness & Mutations

You are surrounded by a moderate repulsion field. (EV +3)
You sometimes gain a little power by taking damage.
You have a pair of small horns on your head.


Message History

"See what I see, my child!"
You detect items!
You are now a beloved toy of Xom.
The orb spider weaves a glowing orb of energy.
An orb of destruction comes into view.
The orb of destruction hits a granite statue.
Xom briefly touches your surroundings.
You are now a toy of Xom.
The orb spider spins a strand of pure energy.
Found a scroll of remove curse.
The orb spider weaves a glowing orb of energy.
The orb of destruction hits a granite statue.
The orb spider begins to weave its threads into a brightly glowing ball.
You see here a ration {!d}.
e - 13 rations {!d} (gained 1)
The orb spider weaves a glowing orb of energy.
An orb of destruction comes into view.
The orb of destruction hits you!
Ouch! That really hurt!
You die...
Xom thinks this is hilarious!

...#######._.....####
...# #..........#####
..##
#..†......_....## ..#
#.._.###......?.# .##
##.........# .#
#...8.8.8.# ##
##........# #
#........# #
#.#..@...#
#.#_)○__.....
#.#_.○.......
.....s...####
.........#
#.#.8.8.8..#
#............
##...........


You could see an orb spider.

Vanquished Creatures
  2 centaur skeletons (D:6)
  A hippogriff (D:6)
  Sigmund (D:3)
  Duvessa (D:6)
  2 sky beasts
  An ice beast (D:5)
  2 necrophages (D:5)
  A phantom (D:6)
  A centaur (D:5)
  A bullfrog (D:6)
  Dowan (D:6)
  A scorpion (D:4)
  A water moccasin skeleton (D:6)
  3 wights (D:6)
  2 crimson imps
  A centaur zombie (D:4)
  A jelly (D:6)
  4 hounds
  3 orc priests
  A bullfrog skeleton (D:6)
  3 iguanas
  5 orc wizards
  3 worker ants
  2 hound skeletons
  A howler monkey zombie (D:6)
  A howler monkey skeleton (D:5)
  6 adders
  An ooze (D:3)
  An adder zombie (D:5)
  4 worms
  2 dart slugs
  5 leopard geckos
  14 orcs
  2 ball pythons (D:1)
  5 giant cockroaches
  8 goblins
  7 hobgoblins
  5 jackals
  4 quokkas
  3 bats (D:2)
  3 frilled lizards
  2 jackal zombies
  8 kobolds
  4 rats
130 creatures vanquished.

Vanquished Creatures (collateral kills)
  A hippogriff (D:6)
  A centaur (D:6)
  A bullfrog (D:6)
  A jelly (D:6)
  An ooze (D:1)
  A jackal (D:5)
6 creatures vanquished.

Vanquished Creatures (others)
  A slime creature (D:5)
  An ogre (D:5)
2 creatures vanquished.

Grand Total: 138 creatures vanquished

Notes
Turn   | Place    | Note
-------+----------+-------------------------------------------
     0 | D:1      | Freyura the Demonspawn Chaos Knight began the quest for the
                  | Orb.
     0 | D:1      | Reached XP level 1. HP: 18/18 MP: 1/1
   135 | D:1      | Reached skill level 1 in Dodging
   326 | D:1      | XOM: cloud trail
   591 | D:1      | XOM: summons 1 friendly demon
   592 | D:1      | Gained mutation: You sometimes gain a little power by
                  | taking damage. [demonic ancestry]
   592 | D:1      | Reached XP level 2. HP: 18/24 MP: 2/2
   664 | D:1      | Reached skill level 3 in Axes
   708 | D:1      | XOM: 7-stop teleportation journey
  1068 | D:2      | XOM: summons 1 hostile demon
  1322 | D:2      | Gained mutation: You are surrounded by a mild repulsion
                  | field. (EV +2) [demonic ancestry]
  1322 | D:2      | Reached XP level 3. HP: 10/29 MP: 3/3
  1730 | D:2      | XOM: give mutations
  1730 | D:2      | Gained mutation: You have a pair of small horns on your
                  | head. [Xom's grace]
  1730 | D:2      | Gained mutation: You are surrounded by a moderate repulsion
                  | field. (EV +3) [Xom's grace]
  1998 | D:3      | XOM: divination: detect items
  2006 | D:3      | Noticed Sigmund
  2012 | D:2      | Reached XP level 4. HP: 31/35 MP: 4/4
  2153 | D:3      | Reached XP level 5. HP: 40/42 MP: 5/5
  2154 | D:3      | XOM: potion effect (heal wounds)
  2175 | D:3      | Killed Sigmund
  2175 | D:3      | Reached skill level 4 in Axes
  2175 | D:3      | Reached XP level 6. HP: 21/48 MP: 6/6
  2183 | D:2      | XOM: silly message
  2478 | D:3      | Found a snail-covered altar of Cheibriados.
  2487 | D:3      | XOM: scenery: create altars
  2777 | D:3      | XOM: scenery: create altars
  2961 | D:3      | Found a corrupted altar of Lugonu.
  3152 | D:4      | Noticed a sky beast
  3156 | D:4      | XOM: harmless Hex miscast
  3173 | D:4      | Killed a sky beast
  3501 | D:4      | XOM: cloud trail
  3747 | D:4      | Reached skill level 5 in Axes
  3747 | D:4      | Reached skill level 1 in Shields
  3747 | D:4      | Mutation became permanent: You are surrounded by a mild
                  | repulsion field. (EV +2) [demonic ancestry]
  3747 | D:4      | Gained mutation: You are surrounded by a moderate repulsion
                  | field. (EV +3) [demonic ancestry]
  3747 | D:4      | Reached XP level 7. HP: 44/55 MP: 7/7
  3849 | D:4      | XOM: god gift: pair of runed boots {god gift}
  3998 | D:4      | Found Neruntu's General Store.
  4032 | D:4      | Found a radiant altar of Vehumet.
  4113 | D:4      | XOM: stat loss: -1 Str (11/12)
  4493 | D:5      | Entered Level 5 of the Dungeon
  4493 | D:5      | Found Qurhinw Gaok's Distillery.
  4499 | D:5      | XOM: summons friendly shadow imp
  4813 | D:5      | Found Xiedit's Armour Shop.
  4827 | D:5      | Bought a +0 large shield for 67 gold pieces
  4831 | D:5      | Found Perozee's Weapon Emporium.
  4846 | D:5      | Noticed a purple ugly thing
  4848 | D:5      | Noticed a slime creature
  4848 | D:5      | a purple ugly thing changed into a slime creature
  4848 | D:5      | XOM: polymorph purple ugly thing -> slime creature
  4865 | D:5      | XOM: confuse monster(s)
  4868 | D:5      | Killed a slime creature
  4868 | D:5      | Reached skill level 5 in Fighting
  4868 | D:5      | Reached XP level 8. HP: 40/62 MP: 8/8
  4868 | D:5      | XOM: divine lightning
  5014 | D:5      | Found Ustraf's Weapon Emporium.
  5019 | D:5      | Found Doror's Magic Scroll Shop.
  5038 | D:5      | Bought a scroll of enchant weapon for 105 gold pieces
  5087 | D:5      | Found a shadowy altar of Dithmenos.
  5109 | D:5      | Found a sand-covered staircase.
  5178 | D:5      | Reached skill level 6 in Axes
  5405 | D:6      | Identified the cursed +0 long sword of the Postmodern Lies
                  | {vamp, rPois rF+ Dex+2}
  5413 | D:6      | XOM: scenery: create altars
  5421 | D:6      | HP: 1/64 [something/puff of flame (9)]
  5504 | D:6      | XOM: harmless Necr miscast
  5511 | D:6      | XOM: divination: detect items
  5525 | D:6      | XOM: harmless Pois miscast
  5525 | D:6      | Noticed Duvessa
  5526 | D:6      | XOM: cast spell 'Call Canine Familiar'
  5528 | D:6      | Noticed Dowan
  5535 | D:6      | Killed Duvessa
  5535 | D:6      | XOM: potion effect (heal wounds)
  5543 | D:6      | Killed Dowan
  5543 | D:6      | Reached XP level 9. HP: 54/69 MP: 9/9
  5660 | D:6      | Noticed Blork the orc
  5660 | D:6      | Noticed Blork
  5660 | D:6      | Blork the orc changed into Blork the worker ant
  5660 | D:6      | XOM: polymorph Blork the orc -> Blork the worker ant
  5676 | D:6      | Killed Blork the worker ant
  5676 | D:6      | Reached skill level 7 in Axes
  5740 | D:6      | XOM: blink monster(s)
  5783 | D:6      | XOM: confusion
  5786 | D:6      | XOM: noise
  6203 | D:6      | XOM: god gift: glowing short sword {god gift}
  6221 | D:6      | Found a staircase to the Ecumenical Temple.
  6239 | D:6      | Reached skill level 5 in Armour
  6269 | D:6      | XOM: cast spell 'Call Canine Familiar'
  6758 | D:6      | Reached skill level 5 in Dodging
  6759 | D:6      | Found a hide-covered altar of Uskayaw.
  6759 | D:6      | Noticed a troll
  6759 | D:6      | Noticed an orb spider
  6759 | D:6      | a troll changed into an orb spider
  6759 | D:6      | XOM: polymorph troll -> orb spider
  6765 | D:6      | XOM: cleaving
  6770 | D:6      | XOM: divination: detect items
  6775 | D:6      | XOM: scenery: create altars
  6790 | D:6      | Blown up by an orb spider

Skill      XL: |  1  2  3  4  5  6  7  8  9 |
---------------+----------------------------+-----
Dodging        | 1 2 3 4 5 |  5.0
Axes           | 3 4 5 6 7 |  7.7
Armour         | 2 3 4 5 |  5.2
Fighting       | 4 5 6 |  6.3
Shields        | 1 2 3 4 |  4.0

Action                   |  1- 3 |  4- 6 |  7- 9 || total
-------------------------+-------+-------+-------++-------
Melee: Hand axe          |   134 |    94 |   268 ||   496
       Headbutt          |     2 |    17 |    79 ||    98
       Short sword       |       |       |    46 ||    46
  Use: Scroll            |       |       |    15 ||    15
       Potion            |       |       |     1 ||     1
 Stab: Petrifying        |     2 |       |       ||     2
       Paralysed         |       |     1 |    12 ||    13
       Confused          |       |     1 |     3 ||     4
       Petrified         |       |       |     8 ||     8
       Distracted        |       |       |     1 ||     1
  Eat: Chunk             |     3 |     5 |    10 ||    18
Armor: Leather armour    |    33 |    14 |    64 ||   111
Dodge: Dodged            |    99 |    68 |   273 ||   440
Block: Buckler           |       |     8 |    63 ||    71
